 Seeded DCSS version 0.29-a0-82-g837932c90e (webtiles) character file.

Game seed: 10000000000011 (custom seed)

191359 knot the Executioner (level 18, 145/157 HPs)
             Began as a Demonspawn Berserker on Feb 5, 2022.
             Was an Elder of Trog.
             Quit the game on level 4 of the Swamp.
             The game lasted 01:54:41 (59251 turns).

knot the Executioner (Demonspawn Berserker)        Turns: 59251, Time: 01:54:42

Health: 145/157    AC: 21    Str: 21    XL:     18   Next: 1%
Magic:  27/27      EV: 14    Int: 14    God:    Trog [****..]
Gold:   2281       SH:  0    Dex: 12    Spells: 17/17 levels left

rFire   . . .      SeeInvis +   R - +3 battleaxe (venom)
rCold   + . .      Faith    +   (shield currently unavailable)
rNeg    . . .      Spirit   +   A - +1 chain mail of Urghimes {Fly rPois rC+ Slay-2 Stlth+}
rPois   +          Reflect  .   Y - +2 helmet {SInv}
rElec   .          Harm     .   z - +1 cloak {Stlth+}
rCorr   +          Rampage  .   (gloves unavailable)
Will    +....                   q - +1 pair of boots
Stlth   ++........              K - amulet of faith
HPRegen 1.36/turn               C - ring of resist corrosion
MPRegen 0.40/turn               W - ring of magical power

@: flying
A: powered by death 2, robust 1, magic shield, magic regeneration, magic link,
sturdy frame 3, demonic touch 3
a: Renounce Religion, Berserk, Trog's Hand, Brothers in Arms


You were on level 4 of the Swamp.
You worshipped Trog.
Trog was greatly pleased with you.
You visited 5 branches of the dungeon, and saw 30 of its levels.
You also visited: Gauntlet.

You collected 3341 gold pieces.
You spent 1060 gold pieces at shops.

Inventory:

Hand Weapons
 F - a +1 vampiric battleaxe
 O - a +2 hand axe of flaming
 R - a +3 battleaxe of venom (weapon)
Missiles
 f - 626 stones
 i - 4 javelins
 l - 16 poisoned darts
 s - 2 throwing nets
 G - 12 curare-tipped darts
 U - a boomerang (quivered)
Armour
 h - the +1 cloak "Leseickes" {Harm +Blink Dex+3}
   (You found it on level 1 of the Spider Nest)

   Dex:       It affects your dexterity (+3).
   +Blink:    It lets you blink.
   Harm:      It increases damage dealt and taken.
 j - the +7 Kryia's mail coat {PotionHeal*2 rC+}
   (You bought it in a shop on level 2 of the Orcish Mines)

   Potions are twice as effective at healing its wearer.
   rC:        It protects you from cold.
 q - a +1 pair of boots (worn)
 t - a +1 cloak of poison resistance
 w - the +3 hat of Pondering {ponderous, Will+ MP+10 Int+5}
   (You found it on level 8 of the Dungeon)

   Int:       It affects your intelligence (+5).
   MP:        It affects your magic capacity (+10).
   Will:      It increases your willpower.
 z - a +1 cloak of stealth (worn)
 A - the +1 chain mail of Urghimes (worn) {Fly rPois rC+ Slay-2 Stlth+}
   (You bought it in a shop on level 3 of the Dungeon)

   Slay:      It affects your accuracy & damage with ranged weapons and melee
   (-2).
   rC:        It protects you from cold.
   rPois:     It protects you from poison.
   Fly:       It grants you flight.
   Stlth:     It makes you more stealthy.
 Y - a +2 helmet of see invisible (worn)
Jewellery
 d - a +6 ring of strength
 k - a ring of flight
 m - a ring of magical power
 r - a ring of protection from fire
 y - a ring of willpower
 C - a ring of resist corrosion (left hand)
 K - an amulet of faith (around neck)
 W - a ring of magical power (right hand)
Wands
 B - a wand of acid (8)
 T - a wand of digging (4)
 X - a wand of mindburst (12)
Scrolls
 b - 6 scrolls of teleportation
 c - 5 scrolls of amnesia
 o - 3 scrolls of fog
 D - a scroll of magic mapping
 H - 2 scrolls of torment
 J - 6 scrolls of identify
 S - a scroll of blinking
 V - 3 scrolls of silence
Potions
 a - a potion of berserk rage
 e - 6 potions of curing
 g - 3 potions of brilliance
 n - a potion of heal wounds
 p - 2 potions of haste
 u - 2 potions of resistance
 x - 7 potions of attraction
 E - 2 potions of flight
 L - 2 potions of invisibility
 M - 2 potions of magic
 N - a potion of cancellation
 P - 2 potions of might
 Q - 2 potions of degeneration


   Skills:
 - Level 13.2 Fighting
 * Level 22.6 Axes
 - Level 10.6 Throwing
 * Level 11.2 Armour
 * Level 11.2 Dodging


You had 17 spell levels left.
You didn't know any spells.
Your spell library contained the following spells:

 Spells                   Type           Power      Damage    Failure   Level
 Foxfire                  Conj/Fire      0%         2x1d4     50%         1
 Freeze                   Ice            0%         1d3       50%         1
 Pain                     Necr           0%         1d4       50%         1
 Sandblast                Erth           0%         2d4       50%         1
 Slow                     Hex            0%         N/A       50%         1
 Corpse Rot               Necr/Air       0%         N/A       63%         2
 Passwall                 Tmut/Erth      0%         N/A       63%         2
 Poisonous Vapours        Pois/Air       0%         N/A       63%         2
 Static Discharge         Conj/Air       0%         N/A       63%         2
 Confusing Touch          Hex            0%         N/A       86%         3
 Conjure Flame            Conj/Fire      0%         6-21      86%         3
 Dazzling Flash           Conj/Hex       0%         N/A       86%         3
 Frozen Ramparts          Ice            0%         1d2       86%         3
 Inner Flame              Hex/Fire       0%         N/A       86%         3
 Ozocubu's Armour         Ice            0%         N/A       86%         3
 Stone Arrow              Conj/Erth      0%         3d7       86%         3
 Summon Guardian Golem    Hex/Summ       0%         N/A       86%         3
 Tukima's Dance           Hex            0%         N/A       86%         3
 Vampiric Draining        Necr           0%         2d6       86%         3
 Anguish                  Hex/Necr       0%         N/A       99%         4
 Animate Armour           Summ/Erth      0%         N/A       99%         4
 Flame Wave               Conj/Fire      0%         2d4       99%         4
 Hailstorm                Conj/Ice       0%         3d3       99%         4
 Passage of Golubria      Tloc           0%         N/A       99%         4
 Sticky Flame             Conj/Fire      0%         2d3       99%         4
 Agony                    Necr           0%         N/A       100%        5
 Excruciating Wounds      Necr           0%         N/A       100%        5
 Lightning Bolt           Conj/Air       0%         1d11      100%        5
 Metabolic Englaciation   Hex/Ice        0%         N/A       100%        5
 Silence                  Hex/Air        0%         N/A       100%        5
 Yara's Violent Unravell  Hex/Tmut       0%         3d3       100%        5
 Simulacrum               Ice/Necr       0%         N/A       100%        6
 Enfeeble                 Hex            0%         N/A       100%        7
 Orb of Destruction       Conj           0%         9d5       100%        7
 Spellforged Servitor     Conj/Summ      0%         N/A       100%        7
 Lehudib's Crystal Spear  Conj/Erth      0%         10d2      100%        8
 Maxwell's Capacitive Co  Air            0%         ∞         100%        8


Dungeon Overview and Level Annotations

Branches:
Dungeon (15/15)            Temple (0/1) D:4            Lair (6/6) D:9
  Swamp (4/4) Lair:2       Spider (3/4) Lair:3        Slime (0/5) Lair:6
    Orc (2/2) D:12            Elf (0/3) Orc:2        Vaults (0/5) D:14
 Depths (0/4) D:15        Gauntlet (visited)

Altars:
Dithmenos
Elyvilon
Hepliaklqana
Kikubaaqudgha
Nemelex Xobeh
Okawaru
Ru
Uskayaw
Wu Jian
Xom
Jiyva

Shops:
D:3 [   D:8 :   Orc:2 (([(

Annotations:
Swamp:2 3 runed translucent doors, Catoluit's ghost, adept DjFE; Efairey's ghost, adept DsGl; Fuubb's ghost, adept OpMo
Spider:3 1 runed translucent door, blackman's ghost, adept HuDe


Innate Abilities, Weirdness & Mutations

You regenerate health from kills.
You are robust. (+10% HP)
When hurt, damage is shared between your health and your magic reserves.
You regenerate magic rapidly.
When low on magic, you restore magic in place of health.
Your movements are significantly less encumbered by armour. (ER -6)
Your touch may irresistibly damage your foes and sap their willpower.


Message History

You kill the swamp dragon!
Trog accepts your kill.
No target in view!
Magic restored.
HP restored.
A goliath frog is nearby!
A tyrant leech comes into view.
The goliath frog hits you but does no damage.
The goliath frog barely misses you.
You barely miss the goliath frog. The goliath frog completely misses you.
You hit the goliath frog.
The goliath frog is poisoned.
The goliath frog is lightly wounded.
The goliath frog barely misses you.
You slice the goliath frog!!
The goliath frog is almost dead.
The goliath frog closely misses you.
You slash the goliath frog!
You kill the goliath frog!
Trog accepts your kill.
You have reached level 18!
Your demonic ancestry asserts itself...
You feel robust. The tyrant leech barely misses you.
You hit the tyrant leech but do no damage.
The tyrant leech is poisoned.
You slice the tyrant leech!!
The tyrant leech looks as sick as possible!
The tyrant leech is moderately wounded.
The tyrant leech barely misses you.
You slice the tyrant leech!!
The tyrant leech looks as sick as possible!
The tyrant leech is severely wounded.
You closely miss the tyrant leech.
The tyrant leech is severely wounded.
The tyrant leech closely misses you.
You slice the tyrant leech!!
You kill the tyrant leech!
Trog accepts your kill.
No target in view!
Are you sure you want to abandon this character and quit the game? (Confirm with "yes".)

♣♣♣♣♣♣♣♣♣♣♣♣♣♣♣♣♣♣♣ ♣♣
♣♣≈..♣≈.≈♣≈♣≈♣.♣.≈.♣♣.≈.
♣......≈...≈.≈.....≈.≈..
♣♣.≈...≈...≈......?.≈≈.≈
♣≈.≈..≈...≈≈.≈.......≈≈.
....≈≈≈.≈≈≈≈..§.......≈.
.≈.≈≈......≈≈..≈.≈......
.≈≈...≈....≈..≈..≈......
..≈.§......≈.≈..@.....≈.
§..≈.≈...≈.≈≈....†.§≈...
≈..≈≈≈§.............≈≈..
≈≈..≈≈..#########..≈≈...
≈....≈### ##≈..≈.
...≈### ##≈.. ≈.♣##≈ ≈.
#.. ≈.##≈##≈≈ #≈
.##≈≈#∩#


There were no monsters in sight!

Vanquished Creatures
  Mlioglotl (Lair:2)
  Kirke (D:12)
  A fenstrider witch (Swamp:3)
  2 ghost moths
  An emperor scorpion (Spider:1)
  An ironbound preserver (D:14)
  4 eleionomae
  3 broodmothers
  A minotaur (Gauntlet)
  2 spark wasps
  7 bunyips
  12 entropy weavers
  The ghost of Xetequo the Peltast, a journeyman MiFi of Trog (Lair:3)
  An ettin (D:15)
  A rakshasa (D:14)
  A yaktaur captain (D:15)
  6 boulder beetles
  3 ogre magi
  20 hydras
  A jorogumo (Spider:1)
  A ghost crab (Swamp:2)
  3 centaur warriors
  Harold (D:8)
  2 death knights
  A catoblepas (Gauntlet)
  Erica (D:8)
  22 two-headed ogres
  5 death yaks (Lair:6)
  The ghost of Caeppaus the Basher, a journeyman GrFi of Makhleb (Lair:3)
  7 alligators
  A death scarab (Spider:2)
  11 spriggans
  2 spriggan berserkers (Swamp:3)
  A sixfirhy (Swamp:4)
  A goliath frog (shapeshifter) (D:15)
  2 pharaoh ants (Spider:1)
  A skeletal warrior (D:13)
  2 deep trolls (Orc:2)
  7 goliath frogs
  6 steelbarb worms
  The ghost of knot the Cleaver, a novice DsBe of Trog (D:8)
  3 bog bodies
  6 orb spiders
  A spriggan druid (Swamp:1)
  4 swamp dragons
  2 wizards
  An orc knight (D:14)
  A necromancer (D:15)
  13 wolf spiders
  A deep elf zephyrmancer (Swamp:4)
  2 orc sorcerers
  3 deep elf pyromancers
  2 manticores (D:12)
  8 will-o-the-wisps
  3 ugly things
  7 elephants (Lair:3)
  8 cyclopes
  7 moths of wrath
  7 black mambas
  A naga mage (D:15)
  2 torpor snails
  A molten gargoyle (Gauntlet)
  2 gargoyles
  Joseph (D:7)
  An ice statue (Gauntlet)
  An orange demon (Swamp:4)
  5 rime drakes
  Maggie (Lair:1)
  A yaktaur (D:15)
  27 cane toads
  4 unseen horrors
  A tengu conjurer (D:14)
  13 komodo dragons
  An efreet (D:15)
  6 freezing wraiths
  8 demonic crawlers
  A kobold demonologist (D:5)
  13 tyrant leeches
  9 trolls
  3 polar bears
  6 meliai
  9 hornets
  A blink frog (shapeshifter) (D:14)
  26 tarantellas
  Prince Ribbit (D:8)
  24 blink frogs
  11 dream sheep
  24 jumping spiders
  9 slime creatures
  4 flying skulls (Gauntlet)
  8 culicivoras
  32 yaks
  A shadow (D:13)
  3 wraiths
  4 hogs (D:11)
  4 basilisks
  43 redbacks
  22 vampire mosquitoes
  7 swamp worms
  An acid dragon (D:9)
  17 water moccasins
  13 orc warriors
  A swamp drake (Swamp:1)
  3 black bears
  A necrophage (D:6)
  An ice beast (D:7)
  34 wolves
  23 ogres
  8 centaurs
  A phantom (D:6)
  A kobold brigand (D:7)
  6 scorpions
  2 wyvern zombies (D:7)
  16 bullfrogs
  A wyvern skeleton (D:7)
  8 killer bees (D:9)
  A hornet simulacrum (D:15)
  9 wights
  6 howler monkeys
  5 centaur zombies
  7 orc priests
  3 hounds
  2 jellies
  2 bullfrog skeletons
  4 centaur skeletons
  A gnoll shaman (Orc:1)
  Ijyb (D:4)
  8 orc wizards
  A scorpion zombie (D:5)
  7 adders
  4 gnolls (Orc:1)
  A river rat (D:4)
  A shadow imp (D:7)
  A white imp (D:5)
  35 orcs
  6 endoplasms
  2 giant cockroaches
  5 goblins
  5 hobgoblins
  14 jackals
  A quokka (D:4)
  4 ball pythons
  7 bats
  6 frilled lizards
  7 kobolds
  5 rats
  A bush (Lair:3)
  A plant (Lair:3)
869 creatures vanquished.

Vanquished Creatures (collateral kills)
  Rupert (Lair:5)
  A sphinx (D:15)
  Snorg (Lair:3)
  An orb spider (Spider:1)
  2 wolf spiders
  An elephant (Lair:3)
  2 freezing wraiths (D:15)
  3 tarantellas
  A jumping spider (Spider:3)
  2 culicivoras
15 creatures vanquished.

Vanquished Creatures (others)
  A wolf spider (Spider:1)
  3 bloated husks (Swamp:3)
  A redback (Spider:1)
  31 foxfires
  64 fungi
  141 plants
  8 withered plants
249 creatures vanquished.

Grand Total: 1133 creatures vanquished

Notes
Turn   | Place    | Note
-------+----------+-------------------------------------------
     0 | D:1      | knot the Demonspawn Berserker began the quest for the Orb.
     0 | D:1      | Reached XP level 1. HP: 18/18 MP: 1/1
   257 | D:1      | Gained mutation: You regenerate magic rapidly. [demonic
                  | ancestry]
   257 | D:1      | Reached XP level 2. HP: 24/24 MP: 2/2
   549 | D:1      | Reached skill level 3 in Axes
  1156 | D:2      | Gained mutation: Your touch may inflict minor irresistible
                  | damage on your foes. [demonic ancestry]
  1156 | D:2      | Reached XP level 3. HP: 11/29 MP: 3/3
  1877 | D:2      | Reached ** piety under Trog
  1941 | D:2      | Reached XP level 4. HP: 25/35 MP: 4/4
  2344 | D:3      | Noticed an ogre
  2351 | D:3      | Killed an ogre
  2352 | D:3      | Reached skill level 4 in Axes
  2352 | D:3      | Reached XP level 5. HP: 41/41 MP: 5/5
  2517 | D:3      | Found Daocsar's Antique Armour Emporium.
  3013 | D:4      | Reached skill level 5 in Axes
  3583 | D:4      | Noticed Duvessa
  3607 | D:4      | Noticed Duvessa
  3607 | D:4      | Duvessa changed into Duvessa the river rat
  3611 | D:4      | Killed Duvessa the river rat
  4003 | D:4      | Noticed Dowan
  4004 | D:4      | Noticed Dowan
  4004 | D:4      | Dowan changed into Dowan the frilled lizard
  4011 | D:4      | Killed Dowan the frilled lizard
  4060 | D:4      | Found a staircase to the Ecumenical Temple.
  4093 | D:4      | Gained mutation: Your touch may inflict irresistible damage
                  | on your foes. [demonic ancestry]
  4093 | D:4      | Reached XP level 6. HP: 33/47 MP: 6/6
  4542 | D:4      | Noticed Ijyb
  4559 | D:4      | Killed Ijyb
  4560 | D:4      | Reached skill level 6 in Axes
  4757 | D:5      | Entered Level 5 of the Dungeon
  4766 | D:5      | Noticed a kobold demonologist
  4784 | D:5      | Killed a kobold demonologist
  4785 | D:5      | Reached skill level 7 in Axes
  4785 | D:5      | Gained mutation: When hurt, damage is shared between your
                  | health and your magic reserves. [demonic ancestry]
  4785 | D:5      | Reached XP level 7. HP: 40/52 MP: 7/7
  5080 | D:5      | Killed an unseen horror
  5081 | D:5      | Reached skill level 8 in Axes
  5403 | D:5      | Gained mutation: You regenerate a little health from kills.
                  | [demonic ancestry]
  5403 | D:5      | Reached XP level 8. HP: 58/58 MP: 6/8
  5670 | D:5      | Found a hide-covered altar of Uskayaw.
  5737 | D:5      | Reached skill level 9 in Axes
  6733 | D:6      | Reached skill level 10 in Axes
  7446 | D:6      | Found an iron altar of Okawaru.
  7519 | D:7      | Noticed Joseph
  7538 | D:7      | Killed Joseph
  7539 | D:7      | Reached skill level 11 in Axes
  7539 | D:7      | Gained mutation: Your touch may irresistibly damage your
                  | foes and sap their willpower. [demonic ancestry]
  7539 | D:7      | Reached XP level 9. HP: 61/64 MP: 7/9
  8200 | D:7      | Found a sacrificial altar of Ru.
  8466 | D:6      | Found a sparkling altar of Nemelex Xobeh.
  8466 | D:6      | Found a shimmering altar of Xom.
  8513 | D:6      | Found an ornate altar of the Wu Jian Council.
  8887 | D:8      | Noticed Harold
  8899 | D:8      | Killed Harold
  8900 | D:8      | Reached skill level 12 in Axes
  8963 | D:8      | Found the +3 hat of Pondering {ponderous, Will+ MP+10
                  | Int+5}
  9231 | D:3      | Bought a runed cloak for 150 gold pieces
  9231 | D:3      | Bought an ichor-stained chain mail for 190 gold pieces
  9231 | D:3      | Identified the +1 chain mail of Urghimes {Fly rPois rC+
                  | Slay-2 Stlth+} (You bought it in a shop on level 3 of the
                  | Dungeon)
  9405 | D:8      | Noticed Erica
  9416 | D:8      | Killed Erica
  9417 | D:8      | Reached XP level 10. HP: 70/70 MP: 10/10
  9583 | D:8      | Noticed Prince Ribbit
  9597 | D:8      | Killed Prince Ribbit
  9734 | D:8      | Noticed a two-headed ogre
  9746 | D:8      | Killed a two-headed ogre
  9747 | D:8      | Reached skill level 5 in Throwing
  9750 | D:8      | Reached skill level 13 in Axes
 10075 | D:8      | Found Yhyquem's Self-Improvement Boutique.
 10207 | D:8      | Found a large runed translucent door.
 10207 | D:8      | Found a large runed translucent door.
 10208 | D:8      | Noticed knot's ghost (novice DsBe)
 11132 | D:9      | Reached *** piety under Trog
 11321 | D:9      | Found a staircase to the Lair.
 12067 | Lair:1   | Entered Level 1 of the Lair of Beasts
 12077 | Lair:1   | Noticed a black mamba
 12100 | Lair:1   | Killed a black mamba
 12208 | Lair:1   | Noticed a cane toad
 12221 | Lair:1   | Killed a cane toad
 12305 | Lair:1   | Gained mutation: Your movements are slightly less
                  | encumbered by armour. (ER -2) [demonic ancestry]
 12305 | Lair:1   | Reached XP level 11. HP: 53/75 MP: 11/11
 13050 | Lair:1   | Noticed Maggie
 13324 | D:9      | Reached skill level 14 in Axes
 13452 | Lair:1   | Killed Maggie
 13811 | Lair:1   | Noticed a five-headed hydra
 13994 | Lair:1   | You are sucked into a shaft and drop 1 floor!
 14012 | Lair:2   | Found a staircase to the Swamp.
 15308 | Lair:1   | Killed a three-headed hydra
 16725 | D:8      | Killed knot's ghost
 16726 | D:8      | Reached skill level 15 in Axes
 17001 | Lair:2   | Noticed a six-headed hydra
 17007 | Lair:2   | Killed a six-headed hydra
 17008 | Lair:2   | Gained mutation: When low on magic, you restore magic in
                  | place of health. [demonic ancestry]
 17008 | Lair:2   | Reached XP level 12. HP: 81/81 MP: 12/12
 17545 | Lair:2   | Reached skill level 10 in Throwing
 17857 | Lair:3   | Noticed Snorg
 17868 | Lair:3   | Killed Snorg
 18130 | Lair:3   | Found a hole to the Spider Nest.
 18437 | Lair:3   | Identified a scroll of acquirement
 18437 | Lair:3   | Acquired a manual of Fighting
 18759 | Lair:3   | Found a runed translucent gate.
 18760 | Lair:3   | Found a runed translucent gate.
 18761 | Lair:3   | Found a runed translucent gate.
 18778 | Lair:3   | Noticed a seven-headed hydra
 18794 | Lair:3   | Killed a two-headed hydra
 18795 | Lair:3   | Reached skill level 5 in Fighting
 19349 | Lair:3   | Reached skill level 16 in Axes
 19961 | Lair:3   | Noticed Caeppaus's ghost (journeyman GrFi)
 19961 | Lair:3   | Noticed Xetequo's ghost (journeyman MiFi)
 20350 | Lair:4   | Noticed a four-headed hydra
 20354 | Lair:4   | Identified the +0 leather armour of Lodamu {rC+ SInv}
 20366 | Lair:4   | Killed a one-headed hydra
 20478 | Lair:4   | Reached XP level 13. HP: 100/100 MP: 13/13
 20729 | Lair:4   | Identified the amulet of Risuwni {Acrobat Contam Str+7}
 20967 | D:10     | Entered Level 10 of the Dungeon
 21481 | D:10     | Found an ancient bone altar of Kikubaaqudgha.
 21725 | D:10     | Found a hazy altar of Hepliaklqana.
 22167 | D:11     | Reached skill level 10 in Fighting
 23226 | D:12     | Noticed Kirke
 23250 | D:12     | Noticed a sphinx
 23327 | D:12     | Killed Kirke
 23982 | D:12     | Reached skill level 17 in Axes
 25307 | D:12     | Found a staircase to the Orcish Mines.
 28623 | D:13     | Gained mutation: Your movements are less encumbered by
                  | armour. (ER -4) [demonic ancestry]
 28623 | D:13     | Reached XP level 14. HP: 38/118 MP: 7/14
 29770 | D:14     | Reached skill level 18 in Axes
 30023 | D:14     | Found a gate to the Vaults.
 30023 | D:14     | Noticed an ironbound preserver
 31080 | D:14     | Killed an ironbound preserver
 31704 | D:15     | Entered Level 15 of the Dungeon
 31704 | D:15     | Found a gate leading to a gauntlet.
 31711 | Gauntlet | Entered a Gauntlet
 31711 | Gauntlet | Found a transporter.
 31711 | Gauntlet | Found a transporter.
 31816 | Gauntlet | Found a transporter.
 31880 | Gauntlet | Found a transporter.
 31880 | Gauntlet | Found a transporter.
 31889 | Gauntlet | Found a transporter.
 31926 | Gauntlet | Found a transporter.
 31936 | Gauntlet | Found a transporter.
 31977 | Gauntlet | Found a transporter.
 31981 | Gauntlet | Found a transporter.
 32039 | Gauntlet | Found a transporter.
 32071 | Gauntlet | Got the Collected Works on Attacks
 32072 | Gauntlet | Identified the +1 pair of gloves of Okawaru {rN+}
 32074 | Gauntlet | Found a transporter.
 32346 | Gauntlet | Identified the +1 scale mail of Wrong Decisions {Will+
                  | Str+2 Dex+3}
 33101 | Orc:1    | Entered Level 1 of the Orcish Mines
 33399 | Orc:2    | Entered Level 2 of the Orcish Mines
 33499 | Orc:2    | Reached skill level 19 in Axes
 34241 | Orc:2    | Reached **** piety under Trog
 34655 | Orc:2    | Found Isumof's Weapon Shoppe.
 34657 | Orc:2    | Found Pext's Antique Weapon Shop.
 34664 | Orc:2    | Found Cops's Armour Emporium.
 34665 | Orc:2    | Found Plog's Antique Weapon Shoppe.
 34747 | Orc:2    | Bought the +7 Kryia's mail coat {PotionHeal*2 rC+} for 720
                  | gold pieces
 34747 | Orc:2    | Found the +7 Kryia's mail coat {PotionHeal*2 rC+}
 34772 | Orc:2    | Found a staircase to the Elven Halls.
 35718 | Lair:3   | Killed Caeppaus's ghost
 35722 | Lair:3   | Killed Xetequo's ghost
 35723 | Lair:3   | Reached skill level 20 in Axes
 36030 | Lair:5   | Noticed Rupert
 36039 | Lair:5   | Killed Rupert
 36040 | Lair:5   | Gained mutation: You regenerate health from kills. [demonic
                  | ancestry]
 36040 | Lair:5   | Reached XP level 15. HP: 98/124 MP: 15/15
 36946 | Lair:6   | Entered Level 6 of the Lair of Beasts
 37481 | Lair:6   | Reached ***** piety under Trog
 39017 | Lair:6   | Reached skill level 5 in Armour
 39017 | Lair:6   | Reached skill level 5 in Dodging
 39443 | Lair:6   | Found a viscous altar of Jiyva.
 39443 | Lair:6   | Found a staircase to the Slime Pits.
 39653 | Spider:1 | Entered Level 1 of the Spider Nest
 40079 | Spider:1 | Reached skill level 21 in Axes
 41236 | Spider:1 | Received a gift from Trog
 41682 | Spider:1 | Reached XP level 16. HP: 131/131 MP: 16/16
 41941 | Spider:1 | Identified the +1 cloak "Leseickes" {Harm +Blink Dex+3}
 43881 | Spider:2 | HP: 5/196 [wolf spider (5)]
 46244 | D:15     | Noticed a sphinx
 46256 | D:15     | Paralysed by a sphinx for 2 turns
 46265 | D:15     | Killed a sphinx
 47271 | D:15     | Found a staircase to the Depths.
 47528 | D:15     | Found a shadowy altar of Dithmenos.
 47553 | D:15     | Gained mutation: Your movements are significantly less
                  | encumbered by armour. (ER -6) [demonic ancestry]
 47553 | D:15     | Reached XP level 17. HP: 137/137 MP: 17/17
 48284 | Spider:3 | Reached skill level 22 in Axes
 49319 | Spider:3 | Noticed blackman's ghost (adept HuDe)
 49320 | Spider:3 | Found a runed translucent door.
 49964 | Swamp:1  | Entered Level 1 of the Swamp
 50577 | Swamp:1  | Noticed Mlioglotl
 51176 | Lair:2   | Found a staircase to the Swamp.
 51391 | Lair:2   | Killed Mlioglotl
 51774 | Swamp:1  | Reached skill level 10 in Dodging
 51864 | Swamp:1  | Reached skill level 10 in Armour
 53546 | Swamp:2  | Identified the ring of the Albatross {Will+ Dex+2}
 55244 | Swamp:2  | Found a sparkling altar of Nemelex Xobeh.
 55262 | Swamp:2  | Found a runed translucent gate.
 55263 | Swamp:2  | Found a runed translucent gate.
 55274 | Swamp:2  | Found a runed translucent gate.
 55276 | Swamp:2  | Noticed Efairey's ghost (adept DsGl)
 55276 | Swamp:2  | Noticed Catoluit's ghost (adept DjFE)
 55277 | Swamp:2  | Noticed Fuubb's ghost (adept OpMo)
 55277 | Swamp:2  | Noticed Fuubb's ghost (adept OpMo)
 58328 | Swamp:4  | Entered Level 4 of the Swamp
 59245 | Swamp:4  | Gained mutation: You are robust. (+10% HP) [demonic
                  | ancestry]
 59245 | Swamp:4  | Reached XP level 18. HP: 137/157 MP: 18/18
 59251 | Swamp:4  | Quit the game

Illustrated notes

Levels and vault maps discovered:
D:1:      lordsloth_arrival_two_stooges, layout_basic, grunt_decor_fettered,
          minmay_misc_feat_diagonals, nicolae_concentric_dashed_squares_wild
D:2:      layout_rooms, hangedman_decor_clover_reticule
D:3:      layout_basic, serial_shops, shop, kennysheep_path_1
D:4:      layout_rooms, temple_doors_e, uniq_duvessa, uniq_ijyb
D:5:      layout_loops_cross, nicolae_uskayaw_suspiria, item_on_display_a
D:6:      layout_rooms, nicolae_overflow_hidden_temple, grunt_ministairs_6
D:7:      layout_loops_ring, nicolae_ru_awakened_eye, palyth_stone_intersect,
          minmay_misc_feat_alley, minivault_27, uniq_joseph
D:8:      layout_loops_ring, ebering_ghost_disaster_area,
          nicolae_shop_self_help, uniq_harold, uniq_erica, uniq_prince_ribbit1
D:9:      layout_grid_maze, grunt_lair_entry_orc_guard_hut
D:10:     layout_loops_cross, mainiacjoe_overflow_alcove_2,
          kennysheep_little_box
D:11:     layout_rooms, lemuel_flamethrower_hall
D:12:     layout_grid_maze, orc_0_dummy, dreamdust_deal_with_the_devil,
          kennysheep_generic_room_15, uniq_kirke
D:13:     layout_basic
D:14:     layout_rooms, skrybe_vaults_entry_preservation,
          small_statue_intersection
D:15:     grunt_enter_depths_magical_seal, layout_rooms, gauntlet_entry_generic,
          nicolae_dithmenos_shadow_blocks, minmay_radiant
Lair:1:   layout_small_grid, minivault_27, grunt_forest_small_clearing_treed,
          uniq_maggie
Lair:2:   layout_cave_pods, swamp_mist_pool
Lair:3:   layout_cave_pods, dummy_spider_entry, gammafunk_ghost_cemetery,
          beast_lair_carwin_4, uniq_snorg
Lair:4:   layout_loops_ring, serial_forest, infiniplex_forest_clump_long,
          infiniplex_forest_clump_small, infiniplex_forest_3_way,
          infiniplex_forest_lined_1
Lair:5:   layout_roguey, grunt_forest_stairs_basic, uniq_rupert
Lair:6:   minmay_lair_end_frog_pond, layout_small_grid,
          dpeg_slime_entry_enclosed_altar
Swamp:1:  layout_basic_swamp, evilmike_swamp_ruin_house_5, uniq_mlioglotl
Swamp:2:  layout_falls_marsh, gammafunk_ghost_cemetery, nicolae_swamp_godswood,
          swamp_pool1, nicolae_swamp_wisp_ring_woods
Swamp:3:  layout_basic_swamp, portal_ice_cave_entry_pillars_2,
          serial_swamp_ruin, evilmike_swamp_ruin_rubble_1,
          evilmike_swamp_ruin_house_1, evilmike_swamp_ruin_house_3,
          cheibrodos_swamp_witchery
Swamp:4:  nzn_swamp_witches_coven, layout_basic_swamp, swamp_pool1
Spider:1: cheibrodos_spider_silkery, nicolae_spider_moth_buddies
Spider:2: layout_spider_delve
Spider:3: layout_spider_delve, ebering_ghost_inner_flame
Orc:1:    layout_diamond_mine
Orc:2:    st_orc_open, layout_caves

Skill      XL: |  1  2  3  4  5  6  7  8  9 10 11 12 13 14 15 16 17 |
---------------+----------------------------------------------------+-----
Armour         | 2 6 9 11 | 11.2
Dodging        | 2 6 9 11 | 11.2
Axes           | 3 4 5 7 8 11 12 13 15 16 17 20 21 22 | 22.6
Throwing       | 4 7 9 10 | 10.6
Fighting       | 8 13 | 13.2

Action                   |  1- 3 |  4- 6 |  7- 9 | 10-12 | 13-15 | 16-18 || total
-------------------------+-------+-------+-------+-------+-------+-------++-------
Melee: Hand axe          |   134 |   114 |   231 |   570 |       |    49 ||  1098
       Punch             |     3 |     3 |     5 |    15 |     2 |     3 ||    31
       Touch             |     8 |    14 |    50 |    97 |    12 |    17 ||   198
       Scimitar          |       |       |       |    14 |    36 |     4 ||    54
       Battleaxe         |       |       |       |   206 |  1168 |  1077 ||  2451
       Unarmed           |       |       |       |       |    14 |       ||    14
Throw: Stone             |       |     1 |       |       |    47 |    90 ||   138
       Dart              |       |       |     5 |     4 |     3 |    27 ||    39
       Throwing net      |       |       |     1 |       |       |       ||     1
       Boomerang         |       |       |       |    84 |    44 |    26 ||   154
Invok: Berserk           |     2 |     5 |    15 |    27 |    35 |    29 ||   113
       Trog's Hand       |       |     1 |     2 |     3 |     5 |     4 ||    15
       Brothers in Arms  |       |       |       |       |     1 |    11 ||    12
Evoke: Wand              |       |     5 |     8 |     3 |       |       ||    16
  Use: Potion            |       |       |     4 |       |     4 |     6 ||    14
       Scroll            |       |       |       |    14 |    24 |     9 ||    47
 Stab: Sleeping          |     1 |     2 |       |       |     4 |     1 ||     8
       Paralysed         |       |       |       |     4 |       |       ||     4
       Distracted        |       |       |       |     1 |     1 |       ||     2
Armor: Animal skin       |    26 |    18 |       |       |       |       ||    44
       Skin              |       |       |    36 |       |       |       ||    36
       Robe              |       |       |    28 |       |       |       ||    28
       Chain mail        |       |       |     7 |   318 |   243 |   268 ||   836
       Leather armour    |       |       |       |       |   117 |       ||   117
       Scale mail        |       |       |       |       |   168 |   457 ||   625
Dodge: Dodged            |   102 |    50 |    95 |   242 |   655 |   811 ||  1955
Block: Other             |    36 |    21 |    36 |   160 |   288 |    75 ||   616
       Reflection        |     1 |       |     1 |     1 |     3 |     1 ||     7

Table legend: (Time is in decaauts)
 A = Elapsed time spent in this place.
 B = Non-inter-level travel time spent in this place.
 C = Inter-level travel time spent in this place.
 D = Time resting spent in this place.
 E = Time spent auto-exploring this place.
 F = Levels seen in this place.
 G = Mean time per level.
                   A        B        C        D        E       F      G
               +--------+--------+--------+--------+--------+-----+--------+
         Total |  60367 |  57551 |   2816 |  28970 |  20982 |  31 | 1947.3 |
       Dungeon |  26640 |  25096 |   1544 |  12011 |  10220 |  15 | 1776.0 |
          Lair |  16870 |  16020 |    850 |   7736 |   6269 |   6 | 2811.7 |
         Swamp |   7543 |   7400 |    143 |   4457 |   2037 |   4 | 1885.8 |
   Spider Nest |   6422 |   6255 |    167 |   3357 |   1698 |   3 | 2140.7 |
  Orcish Mines |   1977 |   1867 |    110 |    852 |    742 |   2 |  988.5 |
      Gauntlet |    912 |    912 |      0 |    554 |     15 |   1 |  912.0 |
               +--------+--------+--------+--------+--------+-----+--------+

Top non-repeatable levels by time:
  Lair:3: 4276 daAuts
    D:13: 4216 daAuts
  Lair:2: 4206 daAuts
Spider:1: 3083 daAuts
  Lair:1: 3018 daAuts
    D:14: 2951 daAuts
 Swamp:1: 2691 daAuts
 Swamp:2: 2495 daAuts
  Lair:6: 2400 daAuts
    D:12: 2246 daAuts
     D:9: 2176 daAuts
     D:4: 2024 daAuts
 Swamp:3: 1972 daAuts
Spider:3: 1743 daAuts
    D:11: 1726 daAuts
